 Dungeon Crawl Stone Soup version 0.27-a0-920-gb2bd10914a (webtiles) character file.

Game seed: 14788567900250786743

36 spiderkeys the Bolt Thrower (level 3, -9/22 HPs)
             Began as a Kobold Hunter on Apr 9, 2021.
             Mangled by Sigmund
             ... wielding a +0 scythe
              (11 damage)
             ... on level 2 of the Dungeon.
             The game lasted 00:01:23 (1233 turns).

spiderkeys the Bolt Thrower (Kobold Hunter)         Turns: 1233, Time: 00:01:23

Health: -9/22      AC:  3    Str:  9    XL:     3   Next: 57%
Magic:  3/3        EV: 14    Int: 12    God:
Gold:   10         SH:  0    Dex: 16    Spells: 2/2 levels left

rFire    . . .     SeeInvis .   a - +1 hand crossbow
rCold    . . .     Faith    .   (shield restricted)
rNeg     . . .     Spirit   .   c - +0 leather armour
rPois    .         Reflect  .   (no helmet)
rElec    .         Harm     .   (no cloak)
rCorr    .         Rampage  .   (no gloves)
Will     .....                  (no boots)
Stlth    ++........             (no amulet)
HPRegen  0.07/turn              (no ring)
MPRegen  0.08/turn              (no ring)

@: confused
A: small, no large weapons, nightstalker 3
a: no special abilities


You were on level 2 of the Dungeon.
You visited 1 branch of the dungeon, and saw 2 of its levels.

You collected 10 gold pieces.

Inventory:

Hand Weapons
 a - a +1 hand crossbow (weapon)
 b - a +0 short sword
Missiles
 d - 41 bolts (quivered ammo)
Armour
 c - a +0 leather armour (worn)
Scrolls
 f - a scroll of identify {unknown}
Potions
 e - a potion of curing {unknown}
 g - a potion of mutation {unknown}


   Skills:
 + Level 2.7 Fighting
 + Level 1.6 Short Blades
 - Level 5.0 Crossbows
 + Level 3.0 Dodging
 + Level 2.4 Stealth


You had 2 spell levels left.
You didn't know any spells.
Your spell library was empty.

Dungeon Overview and Level Annotations

Branches:
Dungeon (2/15)

Altars:

Annotations:
D:2 Sigmund


Innate Abilities, Weirdness & Mutations

You are small and have problems with some larger weapons.
You are completely attuned to the shadows.


Message History

Press: ? - help, Q - select action Shift-Dir - straight line, f - hobgoblin
Aim: a hobgoblin (wandering, hasn't noticed you, 67% to hit)
You shoot a bolt. The bolt closely misses the hobgoblin.
You hear some strange, mumbled words.
Something tries to affect you, but you resist.
Fire: 47 bolts
Press: ? - help, Q - select action Shift-Dir - straight line, p - hobgoblin You shoot a bolt.
Something barely misses you.
Fire: 46 bolts
Press: ? - help, Q - select action Shift-Dir - straight line, f - hobgoblin
Aim: a hobgoblin (67% to hit)
You shoot a bolt. The bolt hits the hobgoblin!
You kill the hobgoblin!
You hear some strange, mumbled words.
You are confused.
A giant cockroach comes into view.
You hear some strange, mumbled words.
Something tries to affect you, but you resist.
Non-targeted confused fire: 45 bolts
Press: ? - help, Q - select action Dir - look around, f - activate You shoot a bolt.
Something hits you!
Non-targeted confused fire: 44 bolts
Press: ? - help, Q - select action Dir - look around, f - activate You shoot a bolt.
Something barely misses you.
Non-targeted confused fire: 43 bolts
Press: ? - help, Q - select action Dir - look around, f - activate You shoot a bolt.
Something hits you. The giant cockroach misses you.
Non-targeted confused fire: 42 bolts
Press: ? - help, Q - select action Dir - look around, f - activate You shoot a bolt.
The giant cockroach bites you but does no damage.
Something hits you.
* * * LOW HITPOINT WARNING * * *
The giant cockroach closely misses you. Something hits you!
Ouch! That really hurt!
You die...

#.#...............
#.#...............
###.#.....###..###..
....................
#.........##...#....
..........##...#....
...(......##...#....
.........(..........
.......@B..........
#......({.....<....
.................#
.................
...(.((.(....#..
....###..


You could see a giant cockroach.

Vanquished Creatures
  A ball python (D:1)
  4 endoplasms (D:1)
  A giant cockroach (D:1)
  4 hobgoblins
  6 jackals (D:1)
  4 kobolds (D:1)
  A bat (D:1)
  3 frilled lizards (D:1)
  5 goblins (D:1)
  A rat (D:1)
30 creatures vanquished.

Notes
Turn   | Place    | Note
-------+----------+-------------------------------------------
     0 | D:1      | spiderkeys the Kobold Hunter began the quest for the Orb.
     0 | D:1      | Reached XP level 1. HP: 12/12 MP: 1/1
    90 | D:1      | Reached XP level 2. HP: 8/18 MP: 2/2
   429 | D:1      | Reached skill level 1 in Short Blades
   429 | D:1      | Reached skill level 5 in Crossbows
   578 | D:1      | Reached XP level 3. HP: 22/22 MP: 3/3
  1221 | D:2      | Noticed Sigmund
  1233 | D:2      | Mangled by Sigmund

Illustrated notes

Levels and vault maps discovered:
D:1:      erik_arrival_triangle_medium, layout_basic
D:2:      layout_basic, chequers_ecumenical_altar_island, uniq_sigmund

Skill      XL: |  1  2  3 |
---------------+----------+-----
Short Blades   | 1 |  1.6
Crossbows      | 5 |  5.0
Stealth        | 2 |  2.4
Dodging        | 3 |  3.0
Fighting       | |  2.7

Action                   || total
-------------------------++-------
Melee: Short sword       ||    63
 Fire: Hand crossbow     ||    16
 Stab: Sleeping          ||    11
Armor: Leather armour    ||    19
Dodge: Dodged            ||    49

Table legend: (Time is in decaauts)
 A = Elapsed time spent in this place.
 B = Non-inter-level travel time spent in this place.
 C = Inter-level travel time spent in this place.
 D = Time resting spent in this place.
 E = Time spent auto-exploring this place.
 F = Levels seen in this place.
 G = Mean time per level.
                   A        B        C        D        E       F      G
               +--------+--------+--------+--------+--------+-----+--------+
         Total |   1236 |   1193 |     43 |      0 |   1021 |   2 |  618.0 |
       Dungeon |   1236 |   1193 |     43 |      0 |   1021 |   2 |  618.0 |
               +--------+--------+--------+--------+--------+-----+--------+

Top non-repeatable levels by time:
     D:1: 1196 daAuts
     D:2: 39 daAuts
